 Dungeon Crawl Stone Soup version 0.31-a0-221-gbddc013574 (webtiles) character file.

Game seed: 15279681149445718024

1328 pokeman the Thaumaturge (level 8, 0/44 HPs)
             Began as a Deep Elf Hedge Wizard on July 4, 2023.
             Shot with an arrow by a centaur (8 damage)
             ... on level 7 of the Dungeon.
             The game lasted 00:12:54 (5825 turns).

pokeman the Thaumaturge (Deep Elf Hedge Wizard)     Turns: 5825, Time: 00:12:55

Health: 0/44       AC:  5    Str:  7    XL:     8   Next: 34%
Magic:  1/23       EV: 28    Int: 22    God:
Gold:   318        SH:  0    Dex: 14    Spells: 18/26 levels left

rFire   . . .        l - +2 quarterstaff (chaos)
rCold   . . .        (shield currently unavailable)
rNeg    . . .        b - +0 robe
rPois   .            c - +0 hat
rElec   .            m - +0 cloak
rCorr   .            (no gloves)
SInv    .            g - +1 pair of boots
Will    .....        n - amulet of the acrobat
Stlth   +++          (no ring)
HPRegen 0.27/turn    (no ring)
MPRegen 0.18/turn

%: acrobat
@: acrobatic
A: no striking features
a: no special abilities


You were on level 7 of the Dungeon.
You visited 2 branches of the dungeon, and saw 8 of its levels.

You collected 318 gold pieces.

Inventory:

Hand Weapons
 l - a +2 quarterstaff of chaos (weapon)
Armour
 b - a +0 robe (worn)
 c - a +0 hat (worn)
 g - a +1 pair of boots (worn)
 m - a +0 cloak (worn)
Jewellery
 n - an amulet of the acrobat (around neck)
 y - a ring of fire
Wands
 v - a wand of flame (17)
Scrolls
 a - a scroll of blinking {unknown}
 e - 3 scrolls of enchant weapon {unknown}
 i - 5 scrolls of identify {unknown}
 j - 4 scrolls of teleportation {unknown}
 k - a scroll of revelation {unknown}
 s - a scroll of immolation {unknown}
 u - a scroll of acquirement {unknown}
 w - a scroll of butterflies {unknown}
 x - a scroll of enchant armour {unknown}
 z - a scroll of fog {unknown}
 A - a scroll of silence {unknown}
Potions
 d - 2 potions of magic
 f - 4 potions of curing
 h - a potion of enlightenment {unknown}
 o - a potion of haste {unknown}
 p - 2 potions of attraction {unknown}
 q - a potion of resistance {unknown}
 r - a potion of mutation {unknown}
 t - a potion of invisibility {unknown}


   Skills:
 - Level 2.0 Fighting
 + Level 1.8 Armour
 - Level 3.0 Dodging
 - Level 4.0 Stealth
 * Level 9.6 Spellcasting
 + Level 5.0 Conjurations
 - Level 3.0 Summonings
 - Level 1.1 Translocations
 + Level 2.3 Air Magic
 - Level 1.0 Poison Magic
 - Level 1.0 Evocations


You had 18 spell levels left.
You knew the following spells:

 Your Spells              Type           Power      Damage    Failure   Level
a - Magic Dart            Conj           100%       1d8       1%          1
b - Mephitic Cloud        Conj/Pois/Air  22%        N/A       6%          3
c - Call Imp              Summ           46%        N/A       2%          2
d - Blink                 Tloc           30%        N/A       6%          2

Your spell library contained the following spells:

 Spells                   Type           Power      Damage    Failure   Level
 Kiss of Death            Conj/Necr      84%        2d11      2%          1
 Static Discharge         Conj/Air       52%        2-5/arc   2%          2
 Beastly Appendage        Tmut           20%        N/A       6%          1
 Slow                     Hex            40%        N/A       6%          1
 Cigotuvi's Dreadful Rot  Necr/Pois/Air  30%        N/A       6%          2
 Lesser Beckoning         Tloc           30%        N/A       6%          2
 Wereblood                Tmut           10%        N/A       10%         2
 Gell's Gravitas          Tloc           15%        N/A       12%         3
 Teleport Other           Tloc           15%        N/A       12%         3
 Spider Form              Tmut/Pois      12%        N/A       16%         3
 Confusing Touch          Hex            10%        N/A       19%         3
 Summon Lightning Spire   Summ/Air       22%        N/A       22%         4
 Airstrike                Air            10%        2d(2-18)  24%         4
 Dispel Undead            Necr           10%        3d9       54%         4


Dungeon Overview and Level Annotations

Branches:
Dungeon (7/15)             Temple (1/1) D:4

Altars:
Cheibriados
Dithmenos
Elyvilon
Fedhas
Gozag
Makhleb
Nemelex Xobeh
Qazlal
Ru
Trog
Uskayaw
Wu Jian
Xom
Yredelemnul
Zin
The Shining One

Shops:
D:6 =   D:7 =

Annotations:
D:6 Gargoyle


Message History

Unknown command.
You completely miss the sleepcap.
The sleepcap is almost destroyed.
The sleepcap releases spores at you but does no damage.
An arrow appears from out of your range of vision.
The arrow misses your cerulean imp.
Your cerulean imp hits the sleepcap with a -2 spear.
An arrow appears from out of your range of vision.
The arrow barely misses your cerulean imp.
The sleepcap releases spores at your cerulean imp but does no damage.
An arrow appears from out of your range of vision.
The arrow hits your cerulean imp!
Your cerulean imp dies!
Your cerulean imp disappears in a puff of smoke!
The sleepcap stops moving altogether!
Unknown command.
Casting: Call Imp (safe; 2% risk of failure)
Confirm with . or Enter, or press ? or * to list all spells.
Aiming: Magic Dart (safe; 1% risk of failure)
Press: ? - help, Shift-Dir - straight line, f/p - sleepcap
Aim: a sleepcap (almost destroyed, petrified, 100% to hit)
The magic dart hits the sleepcap but does no damage.
The sleepcap is almost destroyed.
A centaur comes into view. It is wielding a +0 orcbow.
Unknown command.
Casting: Magic Dart (safe; 1% risk of failure)
Confirm with . or Enter, or press ? or * to list all spells.
Aiming: Magic Dart (safe; 1% risk of failure)
Press: ? - help, Shift-Dir - straight line, f/p - sleepcap
Aim: a sleepcap (almost destroyed, petrified, 100% to hit)
The magic dart hits the sleepcap.
The sleepcap is almost destroyed.
The centaur shouts!
Unknown command.
Casting: Magic Dart (safe; 1% risk of failure)
Confirm with . or Enter, or press ? or * to list all spells.
You don't have enough magic to cast this spell.
The centaur shoots an arrow.
The arrow closely misses you.
The centaur shoots an arrow.
The arrow hits you!
You die...

### # #.#.#
#.#.# . #...#
#. #@# #.. #.#
###..##.#
........##
.......fc#
.........#
.........##
........[.####
####).....♣.∩#


You could see a sleepcap (petrified) and a centaur.

Vanquished Creatures
  A water moccasin (D:5)
  A black bear (D:4)
  An ogre (D:7)
  A centaur (D:6)
  A phantom (D:4)
  Blork the orc (D:4)
  A bullfrog (D:7)
  2 scorpions (D:5)
  An orc priest (D:6)
  5 iguanas
  Natasha (thrice) (D:2)
  2 orc wizards
  12 adders
  2 shadow imps
  2 ufetubi
  A worm (D:2)
  A dart slug (D:2)
  18 orcs
  5 endoplasms
  4 giant cockroaches
  12 goblins
  5 hobgoblins
  A jackal (D:3)
  A kobold (D:3)
  6 quokkas
  2 ball pythons
  6 bats
  3 frilled lizards
  3 rats
104 creatures vanquished.

Vanquished Creatures (collateral kills)
  An ice beast (D:5)
  Crazy Yiuf (D:2)
2 creatures vanquished.

Vanquished Creatures (others)
  A hound (D:3)
  A giant cockroach (D:3)
  A ball python (D:3)
  A kobold (D:3)
4 creatures vanquished.

Grand Total: 110 creatures vanquished

Notes
Turn   | Place    | Note
-------+----------+-------------------------------------------
     0 | D:1      | pokeman the Deep Elf Hedge Wizard began the quest for the
                  | Orb.
     0 | D:1      | Reached XP level 1. HP: 10/10 MP: 7/7
   434 | D:1      | Reached XP level 2. HP: 16/16 MP: 3/9
   922 | D:2      | Reached skill level 5 in Spellcasting
   979 | D:2      | Reached XP level 3. HP: 20/20 MP: 8/11
   984 | D:2      | Learned a level 3 spell: Mephitic Cloud
   987 | D:2      | Learned a level 2 spell: Call Imp
   990 | D:2      | Learned a level 2 spell: Blink
  1041 | D:2      | Found a faded altar of an unknown god.
  1099 | D:2      | Reached skill level 1 in Armour
  1221 | D:2      | Noticed Natasha
  1240 | D:2      | Killed Natasha
  1241 | D:2      | Reached skill level 1 in Fighting
  1241 | D:2      | Reached XP level 4. HP: 15/25 MP: 6/13
  1406 | D:2      | Noticed Natasha
  1422 | D:2      | Killed Natasha
  1431 | D:2      | Noticed Natasha
  1462 | D:2      | Killed Natasha
  1463 | D:2      | Reached skill level 6 in Spellcasting
  1629 | D:2      | Reached XP level 5. HP: 28/29 MP: 5/15
  1736 | D:2      | Found a runed translucent door.
  1737 | D:2      | Noticed Crazy Yiuf
  1832 | D:2      | Killed Crazy Yiuf
  2323 | D:3      | Found a shimmering altar of Xom.
  3092 | D:4      | Noticed Blork the orc
  3103 | D:4      | Killed Blork the orc
  3104 | D:4      | Reached skill level 1 in Air Magic
  3104 | D:4      | Reached XP level 6. HP: 25/34 MP: 12/17
  3136 | D:4      | HP: 1/34 [phantom (4)]
  3265 | D:3      | Upgraded the game from 0.31-a0-219-g8d62b2e7bb to
                  | 0.31-a0-221-gbddc013574
  3292 | D:4      | Found a staircase to the Ecumenical Temple.
  3298 | Temple   | Entered the Ecumenical Temple
  3513 | D:4      | Reached skill level 7 in Spellcasting
  3627 | D:4      | Reached skill level 1 in Poison Magic
  4018 | D:4      | Reached XP level 7. HP: 34/38 MP: 16/20
  4090 | D:4      | Found a bloodstained altar of Trog.
  4115 | D:4      | Reached skill level 1 in Evocations
  4220 | D:5      | Entered Level 5 of the Dungeon
  4231 | D:5      | Reached skill level 8 in Spellcasting
  4561 | D:5      | Found a hide-covered altar of Uskayaw.
  5034 | D:6      | Noticed a gargoyle
  5159 | D:6      | Found Ylabrearph's Jewellery Shoppe.
  5234 | D:6      | Found an ornate altar of the Wu Jian Council.
  5306 | D:6      | Reached XP level 8. HP: 34/44 MP: 22/22
  5519 | D:6      | Found an opulent altar of Gozag.
  5566 | D:6      | Reached skill level 9 in Spellcasting
  5759 | D:7      | Found Paubyesk's Jewellery Boutique.
  5804 | D:7      | Reached skill level 5 in Conjurations
  5825 | D:7      | Shot with an arrow by a centaur

Illustrated notes

Levels and vault maps discovered:
D:1:      beargit_arrival_diablo_church, layout_basic, minmay_statues_item
D:2:      layout_basic, shapermc_ecumenical_altar_petra, hex_large,
          uniq_crazy_yiuf_cottage, uniq_natasha
D:3:      layout_loops_ring, xom_confusion_cloud, grunt_ministairs_4,
          kennysheep_generic_room_2
D:4:      layout_rooms, bloody_trog, minmay_temple_entry_grid, serial_forest,
          infiniplex_forest_clump_large, infiniplex_forest_corner_1,
          infiniplex_forest_clump_small, infiniplex_forest_end_3, moated_statue,
          uniq_blork_the_orc
D:5:      nicolae_BIG_FREAKIN_CUBE, layout_cave_pools,
          nicolae_uskayaw_murder_on_the_dancefloor, hex_medium
D:6:      layout_rooms, grunt_gozag_statues, nzn_wu_jian_contemplation,
          serial_shops, shop
D:7:      layout_basic, serial_shops, shop, nicolae_shop_pleasant_corner_grove,
          shop, nicolae_shop_trees, st_stairs_4
Temple:   grunt_temple_mini_profane

Skill      XL: |  1  2  3  4  5  6  7  8 |
---------------+-------------------------+-----
Spellcasting   | 5 6 7 8 9 |  9.6
Armour         | 1 |  1.8
Fighting       | 1 2 |  2.0
Conjurations   | 2 3 4 5 |  5.0
Dodging        | 3 |  3.0
Stealth        | 3 4 |  4.0
Air Magic      | 1 2 |  2.3
Poison Magic   | 1 |  1.0
Evocations     | 1 |  1.0
Summonings     | 3 |  3.0
Translocations | |  1.1

Action                     |  1- 3 |  4- 6 |  7- 9 || total
---------------------------+-------+-------+-------++-------
  Melee: Dagger            |    18 |     9 |       ||    27
         Quarterstaff      |       |    33 |    47 ||    80
   Cast: Magic Dart        |    51 |   124 |   105 ||   280
         Mephitic Cloud    |     2 |     9 |     8 ||    19
         Call Imp          |       |     2 |     6 ||     8
         Blink             |       |     1 |     1 ||     2
   Stab: Confused          |     1 |       |     4 ||     5
         Sleeping          |       |     1 |       ||     1
         Paralysed         |       |     1 |       ||     1
 Armour: Robe              |     5 |    14 |    16 ||    35
  Dodge: Dodged            |    17 |    40 |    57 ||   114

Table legend: (Time is in decaauts)
 A = Elapsed time spent in this place.
 B = Non-inter-level travel time spent in this place.
 C = Inter-level travel time spent in this place.
 D = Time resting spent in this place.
 E = Time spent auto-exploring this place.
 F = Levels seen in this place.
 G = Mean time per level.
                   A        B        C        D        E       F      G
               +--------+--------+--------+--------+--------+-----+--------+
         Total |   5848 |   5625 |    223 |    166 |   4531 |   8 |  731.0 |
       Dungeon |   5646 |   5460 |    186 |    166 |   4370 |   7 |  806.6 |
        Temple |    202 |    165 |     37 |      0 |    161 |   1 |  202.0 |
               +--------+--------+--------+--------+--------+-----+--------+

Top non-repeatable levels by time:
     D:3: 1257 daAuts
     D:2: 1054 daAuts
     D:1: 904 daAuts
     D:5: 883 daAuts
     D:4: 811 daAuts
     D:6: 665 daAuts
  Temple: 202 daAuts
     D:7: 70 daAuts
